 Dungeon Crawl Stone Soup version 0.18.1-48-g4cf74bf (webtiles) character file.

2698 Heedrag the Destroyer (level 9, -9/50 HPs)
             Began as a Deep Elf Conjurer on Aug 11, 2016.
             Killed from afar by a gargoyle (14 damage)
             ... with a stone arrow
             ... on level 10 of the Dungeon.
             The game lasted 00:14:27 (7176 turns).

Heedrag the Destroyer (Deep Elf Conjurer)           Turns: 7176, Time: 00:14:27

Health: -9/50      AC:  5    Str:  8    XL:     9   Next: 38%
Magic:  11/23      EV: 16    Int: 21    God:
Gold:   253        SH:  0    Dex: 17    Spells: 4 memorised, 11 levels left

rFire  . . .     SeeInvis .     v - +2 long sword (slice)
rCold  . . .     Gourm    .     a - +0 robe
rNeg   . . .     Faith    .     (no shield)
rPois  .         Spirit   .     D - +0 helmet
rElec  .         Dismiss  .     L - +1 cloak
rCorr  .         Reflect  .     (no gloves)
SustAt .         Harm     .     (no boots)
MR     .....                    (no amulet)
Stlth  ++........               x - +2 ring of dexterity
                                s - ring of wizardry

@: not resistant to hostile enchantments, unstealthy
A: no striking features
a: no special abilities


You were on level 10 of the Dungeon.
You were hungry.

You visited 2 branches of the dungeon, and saw 9 of its levels.

You collected 253 gold pieces.

Inventory:

Hand Weapons
 k - a +0 short sword
 v - a +2 long sword of slicing (weapon)
 y - a +1 dagger of pain
Armour
 a - a +0 robe (worn)
 q - a +0 shield
 D - a +0 helmet (worn)
 L - a +1 cloak (worn)
Magical Staves
 G - an uncursed staff of death
Jewellery
 m - an uncursed ring of fire
 s - a ring of wizardry (left hand)
 x - a +2 ring of dexterity (right hand)
Wands
 r - a wand of polymorph (9/24)
Scrolls
 f - 2 scrolls of noise {unknown}
 g - 4 scrolls of fear {unknown}
 i - a scroll of recharging {unknown}
 j - 9 scrolls of identify {unknown}
 l - a scroll of amnesia {unknown}
 p - 3 scrolls of fog {unknown}
 A - 2 scrolls of enchant weapon {unknown}
 B - 2 scrolls of random uselessness {unknown}
 H - a scroll of enchant armour {unknown}
 I - a scroll of remove curse {unknown}
 K - a scroll of magic mapping {unknown}
Potions
 e - 5 potions of agility {unknown}
 h - 6 potions of curing
 o - a potion of flight {unknown}
 t - a potion of brilliance {unknown}
 u - 2 potions of cure mutation {unknown}
 w - a potion of degeneration {unknown}
 F - a potion of magic {unknown}
Books
 b - a book of Conjurations

   Spells                             Type                      Level
   a - Magic Dart                     Conjuration                  1
   b - Searing Ray                    Conjuration                  2
   c - Dazzling Spray                 Conjuration/Hexes            3
   d - Fulminant Prism                Conjuration/Hexes            4
   e - Iskenderun's Mystic Blast      Conjuration                  4
   f - Iskenderun's Battlesphere      Conjuration/Charms           5
 J - a book of Dreams

   Spells                             Type                      Level
   a - Ensorcelled Hibernation        Hexes/Ice                    2
   b - Silence                        Hexes/Air                    5
   c - Darkness                       Hexes                        6
   d - Shadow Creatures               Summoning                    6
Comestibles
 c - 11 bread rations
 d - 2 slices of pizza
 n - 2 fruits
 z - a meat ration
 C - a beef jerky
 E - a royal jelly
 M - 2 chunks of flesh


   Skills:
 + Level 3.1 Fighting
 + Level 5.6 Dodging
 - Level 2.4 Stealth
 + Level 1.2 Shields
 + Level 8.3 Spellcasting
 * Level 10.0 Conjurations
 + Level 6.8 Charms


You had 11 spell levels left.
You knew the following spells:

 Your Spells              Type           Power        Failure   Level  Hunger
a - Magic Dart            Conj           ####         1%          1    None
b - Dazzling Spray        Conj/Hex       ####..       1%          3    None
c - Iskenderun's Mystic   Conj           ######..     1%          4    ###....
d - Iskenderun's Battles  Conj/Chrm      #####...     3%          5    #####..


Dungeon Overview and Level Annotations

Branches:
Dungeon (7/15)             Temple (1/1) D:4

Altars:
Ashenzari
Cheibriados
Fedhas
Kikubaaqudgha
Nemelex Xobeh
Okawaru
Qazlal
Ru
Sif Muna
Trog
Xom
Yredelemnul
The Shining One


Message History

Tha magic dart hits tha gargoyle.
Tha gargoyle be lightly damaged.
Yer battlesphere fires!
Tha barrage o' energy hits tha gargoyle.
Tha gargoyle be lightly damaged.
Tha gargoyle hits ye wit' a mace!!
Ouch! Tha re'lly hurt!
* * * LOW HITPOINT WARNIN'
* * * Tha gargoyle hurls a stone arrow at ye.
Tha stone arrow misses ye.
Tha stone arrow hits yer battlesphere.
Tha gargoyle hurls a stone arrow at ye.
Tha stone arrow hits yer battlesphere.
Yer battlesphere be destroyed!
Some o' tha chunks o' flesh in yer inventory haf rotted away.
j - 9 scrolls labeled ZIMUSU FO UKYTH (gain'd 1) Tha gargoyle hurls a stone arrow at ye.
Tha stone arrow misses ye.
Tha gargoyle hurls a stone arrow at ye.
Tha stone arrow hits ye!
Ye die...

.........9.....#
......#####..).# #
.....9+
+....####.#
......# #.........
......# #......##
......#####......#
.............9...#
.................#
###########.....@#
#.............
#..........$..
##############


You could see a gargoyle.

Vanquished Creatures
  Sigmund (D:6)
  A spriggan (D:7)
  A hippogriff (D:7)
  Duvessa (D:5)
  An orc warrior (D:6)
  A sky beast (D:10)
  An ice beast (D:7)
  5 ogres
  A phantom (D:7)
  A centaur (D:6)
  2 giant frogs (D:6)
  Dowan (D:5)
  2 scorpions (D:7)
  4 wights (D:6)
  2 howler monkeys (D:5)
  A centaur zombie (D:3)
  4 crimson imps (D:5)
  2 hounds
  An orc priest (D:3)
  A centaur skeleton (D:6)
  2 jellies (D:7)
  An iguana (D:4)
  3 worker ants
  A hound zombie (D:6)
  A hound skeleton (D:5)
  A worker ant zombie (D:5)
  4 gnolls
  11 adders
  2 shadow imps (D:6)
  2 oozes
  An adder skeleton (D:6)
  3 worms
  A dart slug (D:1)
  7 giant geckos
  15 orcs
  6 giant cockroaches
  12 hobgoblins
  5 quokkas
  A ball python (D:5)
  5 bats
  9 giant newts
  12 goblins
  10 kobolds
  2 quokka skeletons
  7 rats
158 creatures vanquished.

Notes
Turn   | Place    | Note
--------------------------------------------------------------
     0 | D:1      | Heedrag the Deep Elf Conjurer began the quest for the Orb.
     0 | D:1      | Reached XP level 1. HP: 10/10 MP: 6/6
   234 | D:1      | Reached XP level 2. HP: 10/15 MP: 0/8
   350 | D:1      | Found a sparkling altar of Nemelex Xobeh.
   493 | D:1      | Reached skill level 5 in Conjurations
   958 | D:1      | Reached XP level 3. HP: 19/19 MP: 5/10
   963 | D:1      | Learned a level 3 spell: Dazzling Spray
  1675 | D:2      | Reached XP level 4. HP: 21/24 MP: 7/12
  1757 | D:2      | Found a deep blue altar of Sif Muna.
  2077 | D:2      | Learned a level 4 spell: Iskenderun's Mystic Blast
  2454 | D:3      | Reached skill level 6 in Conjurations
  2516 | D:3      | Found a shattered altar of Ashenzari.
  2594 | D:3      | Found a stormy altar of Qazlal.
  2693 | D:3      | Reached XP level 5. HP: 28/28 MP: 12/14
  2880 | D:3      | Reached skill level 5 in Spellcasting
  2979 | D:3      | Learned a level 5 spell: Iskenderun's Battlesphere
  3017 | D:3      | Found a blossoming altar of Fedhas.
  3023 | D:3      | Found an ancient bone altar of Kikubaaqudgha.
  3131 | D:3      | Reached skill level 1 in Charms
  3395 | D:4      | Noticed an ogre
  3401 | D:4      | Killed an ogre
  3401 | D:4      | Reached skill level 7 in Conjurations
  3401 | D:4      | Reached XP level 6. HP: 32/32 MP: 7/16
  3818 | D:4      | Reached XP level 7. HP: 36/36 MP: 7/18
  3925 | D:4      | Found a staircase to the Ecumenical Temple.
  3931 | Temple   | Entered the Ecumenical Temple
  4189 | D:5      | Entered Level 5 of the Dungeon
  4295 | D:5      | Noticed Dowan
  4296 | D:5      | Noticed Duvessa
  4303 | D:5      | Killed Duvessa
  4303 | D:5      | Reached skill level 1 in Fighting
  4303 | D:5      | Reached skill level 8 in Conjurations
  4314 | D:5      | Killed Dowan
  4598 | D:5      | Reached XP level 8. HP: 36/43 MP: 8/19
  4658 | D:5      | Reached skill level 5 in Charms
  5355 | D:6      | Reached skill level 9 in Conjurations
  5816 | D:6      | Noticed Sigmund
  5819 | D:6      | Killed Sigmund
  6216 | D:6      | Reached XP level 9. HP: 32/49 MP: 2/22
  6433 | D:7      | Reached skill level 5 in Dodging
  6893 | D:7      | Reached skill level 1 in Shields
  7004 | D:7      | Reached skill level 10 in Conjurations
  7124 | D:7      | You fall through a shaft for 3 floors!
  7124 | D:10     | Entered Level 10 of the Dungeon
  7124 | D:10     | Noticed a gargoyle
  7146 | D:10     | HP: 1/50 [gargoyle/mace (25)]
  7176 | D:10     | Killed from afar by a gargoyle

Skill      XL: |  1  2  3  4  5  6  7  8  9 |
---------------+----------------------------+-----
Conjurations   | 5 6 7 8 9 10 | 10.0
Spellcasting   | 4 5 6 7 8 |  8.3
Charms         | 2 3 4 6 |  6.8
Fighting       | 1 2 3 |  3.1
Dodging        | 3 4 5 |  5.6
Shields        | 1 |  1.2
Stealth        | |  2.4

Action                   |  1- 3 |  4- 6 |  7- 9 || total
-------------------------+-------+-------+-------++-------
Melee: Unarmed           |     4 |       |       ||     4
       Short sword       |     2 |       |       ||     2
       Long sword        |       |    11 |    31 ||    42
 Cast: Magic Dart        |    94 |   123 |   182 ||   399
       Iskenderun's Batt |       |     3 |    24 ||    27
  Eat: Chunk             |     2 |     7 |    16 ||    25
Armor: Robe              |     4 |     3 |     6 ||    13
Dodge: Dodged            |    11 |    24 |    51 ||    86
